 Dungeon Crawl Stone Soup version 0.30-a0-1075-gcd70e7a56d (webtiles) character file.

Game seed: 16107729001559036067

21 cforsyth the Caller (level 2, -5/17 HPs)
             Began as an Octopode Summoner on Apr 14, 2023.
             Slain by a gnoll
             ... wielding a +1 flail of protection
              (14 damage)
             ... on level 1 of the Dungeon.
             The game lasted 00:00:49 (639 turns).

cforsyth the Caller (Octopode Summoner)              Turns: 639, Time: 00:00:50

Health: -5/17      AC:  1    Str:  7    XL:     2   Next: 83%
Magic:  3/5        EV: 13    Int: 17    God:
Gold:   23         SH:  0    Dex: 12    Spells: 3/6 levels left

rFire   . . .      SeeInvis .    (no weapon)
rCold   . . .      Faith    .    (no shield)
rNeg    . . .      Spirit   .    (helmet restricted)
rPois   .          Reflect  .    (no amulet)
rElec   .          Rampage  .    (no ring)
rCorr   .                        (no ring)
Will    .....                    (no ring)
Stlth   +++                      (no ring)
HPRegen 0.22/turn                (no ring)
MPRegen 0.09/turn                (no ring)
                                 (no ring)
                                 (no ring)

@: no status effects
A: almost no armour, amphibious, 8 rings, camouflage 1, gelatinous body 1,
(nimble swimmer 1), tentacles
a: no special abilities


You were on level 1 of the Dungeon.
You visited 1 branch of the dungeon, and saw 1 of its levels.

You collected 23 gold pieces.

Inventory:

Scrolls
 c - a scroll of acquirement {unknown}
 d - a scroll of enchant weapon {unknown}
 e - 3 scrolls of poison {unknown}
Potions
 a - a potion of magic
 b - a potion of berserk rage {unknown}
 f - 2 potions of might {unknown}


   Skills:
 - Level 2.0 Dodging
 - Level 2.6 Stealth
 + Level 2.5 Spellcasting
 + Level 4.4 Summonings


You had 3 spell levels left.
You knew the following spells:

 Your Spells              Type           Power      Damage    Failure   Level
a - Summon Small Mammal   Summ           68%        N/A       3%          1
b - Call Imp              Summ           34%        N/A       4%          2

Your spell library contained the following spells:

 Spells                   Type           Power      Damage    Failure   Level
 Call Canine Familiar     Summ           17%        N/A       9%          3
 Summon Guardian Golem    Hex/Summ       9%         N/A       22%         3
 Blink                    Tloc           4%         N/A       28%         2
 Lesser Beckoning         Tloc           4%         N/A       28%         2
 Momentum Strike          Conj/Tloc      4%         3d8       28%         2
 Summon Lightning Spire   Summ/Air       9%         N/A       58%         4


Dungeon Overview and Level Annotations

Branches:
Dungeon (1/15)

Altars:


Innate Abilities, Weirdness & Mutations

You cannot wear most types of armour.
You are amphibious.
You can wear up to eight rings at the same time.
Your skin changes colour to match your surroundings (Stealth+).
Your rubbery body absorbs attacks. (AC +1, EV +1)
((You are camouflaged when in or above water. (Stealth+)))
You have tentacles for arms and can constrict up to eight enemies at once.


Message History

Your quokka disappears in a puff of smoke!
e - 3 scrolls labelled MOEMYT OROS;
f - 2 metallic brown potions You see here 4 stones.
You now have 23 gold pieces (gained 9).
Found a runed helmet.
You see here a +1 helmet.
Found a stone staircase leading down.
A goblin and a bat come into view.
There are monsters nearby!
There are monsters nearby!
There are monsters nearby!
The bat closely misses your bat. The bat misses your bat.
You swap places.
The bat hits you but does no damage.
A kobold and a gnoll come into view.
The gnoll is wielding a +1 flail of protection.
The bat barely misses you. The bat closely misses you.
You miss the bat. Your grab misses the bat.
The gnoll shouts!
The bat completely misses you.
You closely miss the goblin.
The kobold shouts!
Your grab misses the goblin. You squeeze the goblin.
The goblin is severely wounded.
The bat barely misses you. The goblin hits you with a +0 club.
The bat hits you.
You barely miss the goblin. Your grab misses the goblin.
Your squeeze misses the goblin.
The goblin is severely wounded.
The bat misses you. The goblin hits you with a +0 club.
You tentacle-slap the goblin but do no damage.
You grab the goblin.
The goblin is severely wounded.
You constrict the goblin.
You kill the goblin!
The bat hits you. The bat closely misses you.
You barely miss the gnoll. Your grab misses the gnoll. The bat hits you.
The bat misses you.
The gnoll hits you with a +1 flail of protection!
Ouch! That really hurt!
You die...

.# #. .. ### #. .# ... .>#
.# ### #.# .# # ..# ###.#
K##.### #.# ..#.###g......
#.# #.#.bb@b...# #.# #
#.#..####### #.# .#
#.#..###### #.####.#
#.#.........
#.#....####...########
....รท.........#
..#.#######.#.#
#.............#
#.......###################


You could see a gnoll, a bat (ally target), a kobold and 2 friendly bats.

Vanquished Creatures
  2 bats (D:1)
  2 goblins (D:1)
  A hobgoblin (D:1)
  2 jackals (D:1)
  3 ball pythons (D:1)
  A kobold (D:1)
  A rat (D:1)
12 creatures vanquished.

Vanquished Creatures (collateral kills)
  A ball python (D:1)
  An endoplasm (D:1)
  A goblin (D:1)
  A hobgoblin (D:1)
  A bat (D:1)
  A frilled lizard (D:1)
6 creatures vanquished.

Grand Total: 18 creatures vanquished

Notes
Turn   | Place    | Note
-------+----------+-------------------------------------------
     0 | D:1      | cforsyth the Octopode Summoner began the quest for the Orb.
     0 | D:1      | Reached XP level 1. HP: 11/11 MP: 3/3
   126 | D:1      | Reached XP level 2. HP: 16/17 MP: 3/5
   535 | D:1      | Learned a level 2 spell: Call Imp
   639 | D:1      | Slain by a gnoll

Illustrated notes

Levels and vault maps discovered:
D:1:      onia_arrival_mini_spirals, layout_basic, serial_shops,
          nicolae_lakefront_shop, minmay_surrounded

Action                     || total
---------------------------++-------
  Melee: Unarmed           ||    36
         Constrict         ||    13
         Tentacles         ||     9
   Cast: Summon Small Mamm ||    21
   Stab: Sleeping          ||     2
 Armour: Skin              ||     9
  Dodge: Dodged            ||    32

Table legend: (Time is in decaauts)
 A = Elapsed time spent in this place.
 B = Non-inter-level travel time spent in this place.
 C = Inter-level travel time spent in this place.
 D = Time resting spent in this place.
 E = Time spent auto-exploring this place.
 F = Levels seen in this place.
 G = Mean time per level.
                   A        B        C        D        E       F      G
               +--------+--------+--------+--------+--------+-----+--------+
         Total |    639 |    639 |      0 |      0 |    510 |   1 |  639.0 |
       Dungeon |    639 |    639 |      0 |      0 |    510 |   1 |  639.0 |
               +--------+--------+--------+--------+--------+-----+--------+

Top non-repeatable levels by time:
     D:1: 639 daAuts
